 Dungeon Crawl Stone Soup version 0.32-a0-128-g77eb882913 (webtiles) character file.

Game seed: 5977549853703818081

8393 Dittersdorf the Blocker (level 11, -6/72 HPs)
             Began as a Gargoyle Fighter on Feb 7, 2024.
             Was an Initiate of Gozag.
             Mangled by a deep elf pyromancer
             ... wielding the +2 great sword of Qazlal's Anger {freeze, Int+3}
              (15 damage)
             ... on level 9 of the Dungeon.
             The game lasted 00:10:43 (6218 turns).

Dittersdorf the Blocker (Gargoyle Fighter)          Turns: 6218, Time: 00:10:43

Health: -6/72      AC: 26    Str: 24    XL:     11   Next: 30%
Magic:  11/11      EV:  6    Int:  9    God:    Gozag
Gold:   920        SH: 10    Dex:  9    Spells: 10/10 levels left

rFire   . . .        g - +4 morningstar (freeze)
rCold   . . .        h - +0 kite shield
rNeg    + . .        A - +0 plate armour
rPois   ∞            r - +0 helmet
rElec   +            (no cloak)
rCorr   +            p - +1 pair of gloves
SInv    .            (no boots)
Will    .....        i - amulet of regeneration Stlth
                     f - ring of wizardry
HPRegen 1.12/turn    y - ring of resist corrosion
MPRegen 0.12/turn

%: wizardry (x1)
@: on fire, gold aura, glowing
A: sickness immunity, AC +8, negative energy resistance 1, electricity
resistance, torment resistance 1, petrification resistance
a: Renounce Religion, Potion Petition, Call Merchant, Bribe Branch


You were on level 9 of the Dungeon.
You worshipped Gozag.
Gozag was pleased with you.
You visited 2 branches of the dungeon, and saw 10 of its levels.

You collected 1027 gold pieces.
You paid 107 gold pieces to Gozag.

Inventory:

Hand Weapons
 g - a +4 morningstar of freezing (weapon)
Armour
 h - a +0 kite shield (worn)
 p - a +1 pair of gloves (worn)
 r - a +0 helmet (worn)
 A - a +0 plate armour (worn)
Jewellery
 f - a ring of wizardry (left hand)
 i - an amulet of regeneration (around neck)
 y - a ring of resist corrosion (right hand)
Wands
 t - a wand of acid (15) (quivered)
 B - a wand of flame (21)
 C - a wand of paralysis (6)
Scrolls
 c - a scroll of blinking
 e - 2 scrolls of enchant armour
 j - a scroll of fear
 m - 6 scrolls of teleportation
 s - a scroll of brand weapon
 u - 2 scrolls of enchant weapon
Potions
 a - a potion of cancellation
 b - a potion of ambrosia
 d - 5 potions of might
 k - 3 potions of curing
 l - a potion of heal wounds {unknown}
 n - 2 potions of brilliance
 o - 2 potions of magic
 q - 3 potions of invisibility
 v - a potion of haste {unknown}


   Skills:
 + Level 10.1 Fighting
 + Level 8.9 Maces & Flails
 + Level 10.1 Armour
 + Level 10.1 Shields


You had 10 spell levels left.
You didn't know any spells.
Your spell library contained the following spells:

 Spells                   Type           Power      Damage    Failure   Level
 Apportation              Tloc           0%         N/A       95%         1
 Necrotise                Necr           0%         1d4       95%         1
 Sting                    Conj/Alch      0%         1d3       95%         1
 Summon Small Mammal      Summ           0%         N/A       95%         1
 Fugue of the Fallen      Necr           0%         N/A       100%        3
 Gell's Gravitas          Tloc           0%         N/A       100%        3
 Hailstorm                Conj/Ice       0%         3d5       100%        3
 Ozocubu's Armour         Ice            0%         N/A       100%        3
 Summon Ice Beast         Ice/Summ       0%         N/A       100%        3
 Teleport Other           Tloc           0%         N/A       100%        3
 Animate Armour           Summ/Erth      0%         N/A       100%        4
 Ignite Poison            Fire/Alch      0%         N/A       100%        4
 Manifold Assault         Tloc           0%         N/A       100%        4
 Summon Lightning Spire   Summ/Air       0%         N/A       100%        4
 Freezing Cloud           Conj/Ice/Air   0%         6-21      100%        5
 Lee's Rapid Deconstruct  Erth           0%         3d4*      100%        5
 Dispersal                Tloc           0%         N/A       100%        6
 Sculpt Simulacrum        Ice/Alch       0%         N/A       100%        6
 Cigotuvi's Dreadful Rot  Necr/Alch/Air  Unusable   N/A       N/A         2

Dungeon Overview and Level Annotations

Branches:
Dungeon (9/15)             Temple (1/1) D:7
   Lair: D:8-11         Orc: D:9-12

Altars:
Ashenzari
Cheibriados
Dithmenos
Elyvilon
Fedhas
Gozag
Hepliaklqana
Kikubaaqudgha
Makhleb
Nemelex Xobeh
Okawaru
Qazlal
Ru
Sif Muna
Trog
Uskayaw
Vehumet
Wu Jian
Xom
Yredelemnul
Zin
The Shining One

Shops:
D:4 *

Annotations:
D:9 1 runed translucent door


Innate Abilities, Weirdness & Mutations

You are immune to sickness and miasma.
Your stone body is resilient. (AC +8)
You are immune to poison.
You resist negative energy. (rN+)
You are resistant to electric shocks. (rElec)
You are resistant to unholy torment.
You are immune to petrification.


Message History

You are too injured to fight recklessly!
You are too injured to fight recklessly!
You are too injured to fight recklessly!
You are too injured to fight recklessly!
You are too injured to fight recklessly!
You are too injured to fight recklessly!
You are too injured to fight recklessly!
You are too injured to fight recklessly!
You are too injured to fight recklessly!
You are too injured to fight recklessly!
You are too injured to fight recklessly!
You are too injured to fight recklessly!
You are too injured to fight recklessly!
You are too injured to fight recklessly!
You are too injured to fight recklessly!
You are too injured to fight recklessly!
Aiming: Corrosive Bolt
Press: ? - help, Q - select action, (/) - cycle Shift-Dir - straight line, f - deep elf pyromancer
Aim: a deep elf pyromancer, wielding the +2 great sword of Qazlal's Anger {freeze, Int+3}, wearing a +0 leather armour and wearing the ring "Sinoo" {Fire Dex+3} (lightly wounded, 60% to hit)
The bolt of acid hits the deep elf pyromancer!
The acid corrodes the deep elf pyromancer!
The deep elf pyromancer is heavily wounded.
The liquid fire burns you!
* * * LOW HITPOINT WARNING * * *
You block the fire elemental's attack.
The deep elf pyromancer points at you and mumbles some strange words.
The bolt of fire hits you but does no damage.
Aiming: Corrosive Bolt
Press: ? - help, Q - select action, (/) - cycle Shift-Dir - straight line, f/p - deep elf pyromancer
Aim: a deep elf pyromancer, wielding the +2 great sword of Qazlal's Anger {freeze, Int+3}, wearing a +0 leather armour and wearing the ring "Sinoo" {Fire Dex+3} (heavily wounded, covered in acid, 60% to hit)
The bolt of acid hits the deep elf pyromancer!
The deep elf pyromancer seems to be corroded for longer.
The deep elf pyromancer is almost dead.
The liquid fire burns you!
* * * LOW HITPOINT WARNING * * *
The fire elemental hits you.
A skeletal warrior comes into view.
It is wielding the +8 quarterstaff of the Several Seas {flame, rN+ Str+2}.
The deep elf pyromancer hits you with the +2 great sword of Qazlal's Anger {freeze, Int+3}!
You die...
Your body crumbles into a pile of gold.

#.##.####### #.#..###########
...##......## ...#..#)....##
...########[##...##.#......#
#+#.##.....##... .#........#
#.#.##.######..# .##.#.....#
#.##)##..###...##..#...#+#.#
...#.####.##..##...##....#.#####
...##)##.##..?...E..#..........#
...?#.##.##$.$..@e.°##.#.......#
####)##.##$#########z#.#.......#
#(#.##.##..).)....# #.........#
#.#.##.##.###)###$# ##.....####
.#.##.####.#..)#.## #..#.>...#
.#.##.#[##.##.##.# ##.##.##.#
#.##.##.)##.#.#.## #..#.##.#
#.##.#..[##.###.# ##.#.##.#
.##.##....##.#.## #...##.#


You could see a skeletal warrior, a deep elf pyromancer (corroded) and a fire
elemental (summoned).

Vanquished Creatures
  2 centaur warriors (D:9)
  An ugly thing (D:9)
  A cyclops (D:9)
  A gargoyle (D:9)
  A kobold demonologist (D:9)
  A tengu conjurer (D:9)
  2 trolls (D:9)
  Sigmund (D:3)
  A shadow (D:9)
  A wyvern (D:9)
  4 yaks
  Eustachio (D:5)
  3 steam dragons
  A vampire mosquito (D:9)
  3 orc warriors
  3 sky beasts
  2 black bears (D:4)
  6 centaurs
  2 phantoms
  4 kobold brigands
  A gnoll sergeant (D:7)
  4 bullfrogs
  2 scorpions
  15 wights
  A killer bee (D:9)
  A howler monkey (D:9)
  A bombardier beetle (D:7)
  4 orc priests
  2 jellies
  2 sleepcaps (D:6)
  Jessica (D:2)
  7 orc wizards
  3 iguanas
  4 gnolls (D:7)
  5 adders
  A white imp (D:6)
  A ribbon worm (D:2)
  3 dart slugs
  24 orcs
  3 endoplasms
  2 giant cockroaches (D:1)
  5 goblins
  5 hobgoblins
  14 kobolds
  4 quokkas
  7 ball pythons
  6 bats
  2 frilled lizards
  3 rats
174 creatures vanquished.

Notes
Turn   | Place    | Note
-------+----------+-------------------------------------------
     0 | D:1      | Dittersdorf the Gargoyle Fighter began the quest for the
                  | Orb.
     0 | D:1      | Reached XP level 1. HP: 14/14 MP: 1/1
    73 | D:1      | Reached XP level 2. HP: 9/19 MP: 2/2
   364 | D:1      | You fall into a shaft and drop 1 floor!
   522 | D:1      | Reached XP level 3. HP: 21/23 MP: 3/3
   721 | D:2      | Noticed Jessica
   730 | D:2      | Killed Jessica
   795 | D:2      | Reached XP level 4. HP: 29/29 MP: 4/4
  1088 | D:3      | Noticed Sigmund
  1106 | D:3      | Killed Sigmund
  1107 | D:3      | Reached XP level 5. HP: 34/34 MP: 5/5
  1151 | D:3      | Reached XP level 6. HP: 39/39 MP: 6/6
  1962 | D:4      | Found Neishras's Lightly-Used Armoury.
  2164 | D:4      | Noticed a black bear
  2180 | D:4      | Killed a black bear
  2245 | D:4      | Found a blossoming altar of Fedhas.
  2381 | D:4      | Noticed a black bear
  2393 | D:4      | Killed a black bear
  2394 | D:4      | Reached skill level 5 in Fighting
  2394 | D:4      | Reached skill level 5 in Armour
  2394 | D:4      | Reached skill level 5 in Shields
  2394 | D:4      | Reached XP level 7. HP: 28/44 MP: 7/7
  2464 | D:5      | Entered Level 5 of the Dungeon
  2556 | D:5      | Found a stormy altar of Qazlal.
  2866 | D:5      | Noticed Eustachio
  2901 | D:5      | Killed Eustachio
  2902 | D:5      | Reached XP level 8. HP: 27/51 MP: 8/8
  3159 | D:6      | Reached skill level 5 in Maces & Flails
  4018 | D:7      | Found a staircase to the Ecumenical Temple.
  4065 | Temple   | Entered the Ecumenical Temple
  4104 | Temple   | Became a worshipper of Gozag Ym Sagoz the Greedy
  4279 | D:7      | Reached XP level 9. HP: 56/56 MP: 9/9
  5418 | D:8      | Reached XP level 10. HP: 56/64 MP: 10/10
  5451 | D:8      | Identified the +8 quarterstaff "Gargoyle's Peril" {heavy,
                  | Str+3}
  5953 | D:9      | Noticed a cyan ugly thing
  5953 | D:9      | Noticed a centaur warrior
  5954 | D:9      | Found a runed translucent door.
  5962 | D:9      | Killed a cyan ugly thing
  5968 | D:9      | Killed a centaur warrior
  6079 | D:9      | Noticed a kobold demonologist
  6085 | D:9      | Killed a kobold demonologist
  6136 | D:9      | Reached XP level 11. HP: 71/71 MP: 11/11
  6177 | D:9      | Noticed a cyclops
  6177 | D:9      | Noticed a centaur warrior
  6189 | D:9      | Killed a centaur warrior
  6194 | D:9      | Reached skill level 10 in Armour
  6201 | D:9      | Killed a cyclops
  6202 | D:9      | Reached skill level 10 in Fighting
  6202 | D:9      | Reached skill level 10 in Shields
  6209 | D:9      | Identified the +2 great sword of Qazlal's Anger {freeze,
                  | Int+3}
  6209 | D:9      | Identified the ring "Sinoo" {Fire Dex+3}
  6209 | D:9      | Noticed a deep elf pyromancer
  6218 | D:9      | Identified the +8 quarterstaff of the Several Seas {flame,
                  | rN+ Str+2}
  6218 | D:9      | Noticed a skeletal warrior
  6218 | D:9      | Mangled by a deep elf pyromancer

Illustrated notes

Levels and vault maps discovered:
D:1:      psy_arrival_basics, layout_basic, minmay_tromino_v4_b
D:2:      layout_rooms, kennysheep_potato, uniq_jessica
D:3:      layout_basic, uniq_sigmund
D:4:      layout_rooms, lemuel_coloured_pillars_altar, minmay_shop_damaged
D:5:      layout_basic, nicolae_qazlal_eye_of_the_storm, st_stairs_6,
          uniq_eustachio
D:6:      layout_loops_cross, serial_glass, glass_columns_a, glass_columns_c,
          glass_columns_b, glass_columns_b, kennysheep_cross_bottleneck,
          grunt_ministairs_13, minmay_misc_feat_four_crosses
D:7:      layout_rooms, temple_statues, dk_rats_in_the_wall
D:8:      layout_loops_ring, kennysheep_generic_room_8
D:9:      minmay_the_grid_triangle_9x9_rhombus_full
          [minmay_the_grid_triangle_9x9_stretched_checkered,
          minmay_the_grid_triangle_9x9_cache,
          minmay_the_grid_triangle_9x9_shrine,
          minmay_the_grid_triangle_9x9_subtriangle,
          minmay_the_grid_triangle_9x9_impossible_snake,
          minmay_the_grid_triangle_9x9_pentomino_pain,
          minmay_the_grid_triangle_9x9_windchime,
          minmay_the_grid_triangle_9x9_prize_top_heavy], layout_basic,
          minmay_misc_feat_ornament
Temple:   mainiacjoe_temple_big_plus

Skill      XL: |  1  2  3  4  5  6  7  8  9 10 11 |
---------------+----------------------------------+-----
Fighting       | 4 5 6 8 9 10 | 10.1
Maces & Flails | 3 4 5 7 8 |  8.9
Armour         | 4 5 6 8 9 10 | 10.1
Shields        | 4 5 6 8 9 10 | 10.1

Action                     |  1- 3 |  4- 6 |  7- 9 | 10-12 || total
---------------------------+-------+-------+-------+-------++-------
  Melee: Flail             |    80 |   138 |   291 |       ||   509
         Morningstar       |       |       |    20 |   140 ||   160
  Evoke: Wand              |       |       |       |     2 ||     2
    Use: Scroll            |       |       |    18 |       ||    18
   Stab: Distracted        |       |       |     1 |     2 ||     3
 Armour: Scale mail        |    58 |   159 |   292 |       ||   509
         Plate armour      |       |       |    87 |   136 ||   223
  Dodge: Dodged            |    46 |    90 |   158 |    31 ||   325
  Block: Buckler           |    23 |    41 |    74 |       ||   138
         Kite shield       |       |       |    52 |    72 ||   124

Table legend: (Time is in decaauts)
 A = Elapsed time spent in this place.
 B = Non-inter-level travel time spent in this place.
 C = Inter-level travel time spent in this place.
 D = Time resting spent in this place.
 E = Time spent auto-exploring this place.
 F = Levels seen in this place.
 G = Mean time per level.
                   A        B        C        D        E       F      G
               +--------+--------+--------+--------+--------+-----+--------+
         Total |   6398 |   6021 |    377 |     74 |   4306 |  10 |  639.8 |
       Dungeon |   6320 |   6018 |    302 |     74 |   4306 |   9 |  702.2 |
        Temple |     77 |      2 |     75 |      0 |      0 |   1 |   77.0 |
               +--------+--------+--------+--------+--------+-----+--------+

Top non-repeatable levels by time:
     D:8: 946 daAuts
     D:6: 909 daAuts
     D:3: 822 daAuts
     D:9: 708 daAuts
     D:5: 668 daAuts
     D:1: 603 daAuts
     D:4: 580 daAuts
     D:7: 561 daAuts
     D:2: 520 daAuts
  Temple: 77 daAuts
